 Dungeon Crawl Stone Soup version 0.18-a0-1718-g40ea4b6 (webtiles) character file.

55 HeOfManyNames the Insei (level 3, -2/29 HPs)
             Began as a Mummy Monk on Apr 8, 2016.
             Slain by a jackal (3 damage)
             ... on level 3 of the Dungeon.
             The game lasted 00:01:43 (2317 turns).

HeOfManyNames the Insei (Mummy Monk)                Turns: 2317, Time: 00:01:44

Health: -2/29      AC:  1    Str: 14    XL:     3   Next: 67%
Magic:  3/3        EV: 13    Int:  9    God:
Gold:   127        SH:  0    Dex: 15    Spells: 0 memorised, 2 levels left

rFire  x . .     SeeInvis .       - Unarmed
rCold  + . .     Gourm    .     (no armour)
rNeg   + + +     Faith    .     (no shield)
rPois  ∞         Spirit   .     (no helmet)
rElec  .         Dismiss  .     c - +0 cloak
rCorr  .         Reflect  .     (no gloves)
SustAt .         Harm     .     (no boots)
MR     .....                    (no amulet)
Stlth  ++........               (no ring)
                                (no ring)

@: not resistant to hostile enchantments, unstealthy
A: no food or potions, fire vulnerability, cold resistance 1, negative energy
resistance 3, torment resistance, unbreathing
a: no special abilities


You were on level 3 of the Dungeon.
You were not hungry.

You visited 1 branch of the dungeon, and saw 3 of its levels.

You collected 127 gold pieces.


Innate Abilities, Weirdness & Mutations

You do not eat or drink.
Your flesh is vulnerable to fire.
You are immune to poison.
Your flesh is cold resistant.
You are immune to negative energy.
You are immune to unholy pain and torment.
You can survive without breathing.


   Skills:
 - Level 3.0 Fighting
 - Level 2.4 Dodging
 - Level 1.5 Stealth
 + Level 4.4 Unarmed Combat


You had 2 spell levels left.
You didn't know any spells.

Inventory:

Armour
 c - a +0 cloak (worn)
Scrolls
 a - 2 scrolls of magic mapping {unknown}
 b - 2 scrolls of fear {unknown}

Dungeon Overview and Level Annotations

Branches:
Dungeon (3/15)

Altars:
Ashenzari

.................
▒..............▒▒▒.
▒......<..........
▒...............▒ ▒
▒.....r.w.......▒.▒
..................▒
▒▒▒.....▒▒.g...▒.▒
▒..▒▒▒▒▒▒h..▒▒
..▒......Mh.▒▒
▒................
▒▒..........▒..▒
▒......?.....▒▒
▒....£.S.......
▒..........▒...
▒..........▒▒▒.
▒▒▒.........


You could see an adder, 2 jackals and a hobgoblin.


Message History

A worm comes into view!
The jackal closely misses you!
The jackal bites you but does no damage!
There is a stone staircase leading down here!
The jackal bites you! * * * don't die
* * * The jackal bites you! * * * don't die
* * * The jackal bites you but does no damage!
The worm barely misses you! The jackal bites you! * * * don't die
* * * You climb downwards!
A giant gecko, a rat and a hobgoblin come into view!
There is a stone staircase leading up here!
The hobgoblin shouts!!!
The rat twitches its whiskers!
The jackal bites you! * * * don't die
* * * The jackal barely misses you!
Found 2 scrolls labeled KUSTUBBYMUL and 11 gold pieces!
An adder comes into view!
The jackal closely misses you! The jackal barely misses you!
The jackal closely misses you!
You beat the jackal into a bloody pulp!
The jackal is heavily wounded!
You closely miss the jackal! The jackal completely misses you!
The jackal bites you! * * * don't die
* * * The jackal bites you! rip

Action                   || total
-------------------------++-------
Melee: Unarmed           ||   120
 Stab: Sleeping          ||     4

Vault maps used:
D:1:      tarquinn_simple_flora_water_c, supply_closet_lemuel
D:2:      nicolae_overflow_hidden_temple
D:3:      elyvilon_altar_1, uniq_jessica, uniq_crazy_yiuf_cottage, uniq_robin

Notes
Turn   | Place    | Note
--------------------------------------------------------------
     0 | D:1      | HeOfManyNames the Mummy Monk began the quest for the Orb.
     0 | D:1      | Reached XP level 1. HP: 18/18 MP: 1/1
   262 | D:1      | Reached XP level 2. HP: 19/24 MP: 2/2
   873 | D:1      | HP: 1/24 [goblin (3)]
   877 | D:1      | Reached skill level 4 in Unarmed Combat
  1271 | D:1      | Reached XP level 3. HP: 23/29 MP: 3/3
  2070 | D:2      | Found a shattered altar of Ashenzari.
  2311 | D:3      | HP: 2/29 [jackal (3)]
  2317 | D:3      | HP: 1/29 [jackal (1)]
  2317 | D:3      | Slain by a jackal

Vanquished Creatures
  An adder (D:2)
  An ooze (D:1)
  A worm (D:2)
  2 dart slugs (D:1)
  A giant gecko (D:1)
  A ball python (D:2)
  2 giant cockroaches (D:1)
  9 goblins
  A hobgoblin (D:1)
  4 kobolds (D:1)
  4 bats
  2 giant newts (D:1)
  4 rats
33 creatures vanquished.
